Cogmind - Beta 10.2 @@@ ROGUE MODE // 2022.03.04 @ 22:55:59 Player: Fleshy Vegetable Bird Result: Destroyed by G-50 Soldier with Heavy Laser Performance ------------- Evolutions (2) 1000 Regions Visited (8) 1600 Robots Destroyed (101) 505 Value Destroyed (2350) 2350 Prototype IDs (5) 100 Alien Tech Used (0) 0 Bonus (774) 774 TOTAL SCORE: 6329 Bonus ------- High Alert Combat Kills 774 Cogmind --------- Core Integrity 0/550 Matter 275/300 Energy 125/125 System Corruption 0% Temperature Cool (9) Movement Treading (180) Ox1 Location -8/Storage Parts ------- > --- POWER (1) -------- Light Ion Engine > --- PROPULSION (3) --- Light Treads Compact Wheel > --- UTILITY (5) ------ Large Storage Unit Large Storage Unit Core Analyzer Armor Integrity Analyzer Hacking Suite > --- WEAPON (2) ------- Greatsword > --- INVENTORY (16) --- Light Nuclear Core Light Nuclear Core Light Nuclear Core Improved Hover Unit Improved Hover Unit Improved Hover Unit Improved Hover Unit Maneuvering Thrusters Insulated Plating Heavy Ion Cannon Improved Light Cannon Shock Bomb Launcher Improved Grenade Launcher Peak State ------------ > --- POWER ------------ Cooled Ion Engine > --- PROPULSION ------- Wheel Wheel Improved Hover Unit > --- UTILITY ---------- Small Storage Unit Large Storage Unit Medium Battery Advanced Signal Interpreter Hacking Suite > --- WEAPON ----------- Greatsword > --- INVENTORY -------- Light Nuclear Core Light Nuclear Core Large Storage Unit Melee Analysis Suite Maneuvering Thrusters Insulated Plating Hacking Suite Heavy Ion Cannon Improved Light Cannon Improved Grenade Launcher [Rating: 26] Favorites ----------- Power Ion Engine Engine Ion Engine Propulsion Wheel Treads Light Treads Wheel Wheel Hover Unit Improved Hover Unit Utility Large Storage Unit Storage Large Storage Unit Processor Advanced Signal Interpreter Hackware Hacking Suite Protection Light Armor Plating Weapon Greatsword Energy Gun Beam Rifle Energy Cannon Heavy Ion Cannon Ballistic Gun Assault Rifle Ballistic Cannon Improved Light Cannon Launcher Grenade Launcher Special Weapon Mining Laser Slashing Weapon Greatsword Build | -11 -10 -10 -9 -9 -9 -8 -8 -8 ------- Run | Scr Mat Min Mat Min Exi Min Mat Sto Slots Evolved 4 | . . . 2 . . . 2 . Power . | . . . . . . . . . Propulsion 1 | . . . 1 . . . . . Utility 3 | . . . 1 . . . 2 . Weapon . | . . . . . . . . . Parts Attached 70 | 6 1 3 12 1 . 1 39 7 Power 7 | 1 . 1 . . . . 4 1 Engine 7 | 1 . 1 . . . . 4 1 Core . | . . . . . . . . . Reactor . | . . . . . . . . . Propulsion 22 | 2 . 2 4 . . 1 10 3 Treads 1 | . . . . . . . . 1 Leg . | . . . . . . . . . Wheel 20 | 2 . 2 4 . . 1 9 2 Hover 1 | . . . . . . . 1 . Flight . | . . . . . . . . . Utility 14 | 1 1 . 2 . . . 9 1 Device . | . . . . . . . . . Storage 6 | 1 1 . 1 . . . 3 . Processor 4 | . . . 1 . . . 2 1 Hackware 2 | . . . . . . . 2 . Protection 2 | . . . . . . . 2 . Artifact . | . . . . . . . . . Weapon 27 | 2 . . 6 1 . . 16 2 Energy Gun 1 | . . . 1 . . . . . Energy Cannon 1 | . . . . . . . 1 . Ballistic Gun 2 | 2 . . . . . . . . Ballistic Cannon 7 | . . . 2 . . . 5 . Launcher 8 | . . . 2 . . . 5 1 Special Weapon 1 | . . . 1 . . . . . Impact Weapon . | . . . . . . . . . Slashing Weapon 7 | . . . . 1 . . 5 1 Piercing Weapon . | . . . . . . . . . Special Melee Weapon . | . . . . . . . . . Unidentified Prototypes 2 | . . . . . . . 2 . Parts Lost 19 | . . 1 . . . . 16 2 Power 2 | . . . . . . . 2 . Propulsion 7 | . . . . . . . 6 1 Utility 4 | . . . . . . . 4 . Weapon 6 | . . 1 . . . . 4 1 Highest Loss Streak 4 | . . 1 . . . . 4 2 Average Slot Usage (%) 83 | . 85 83 93 90 88 88 79 73 Engine 10 | . 14 14 11 11 11 11 8 9 Wheel 24 | . 28 28 33 33 33 33 17 9 Storage 20 | . 14 14 22 22 22 22 24 19 Processor 6 | . . . 5 11 11 11 8 16 Hackware 3 | . . . . . . . 7 9 Energy Gun 1 | . . . 8 . . . . . Ballistic Gun 7 | . 28 26 1 . . . . . Ballistic Cannon 1 | . . . 3 4 . . 2 . Launcher 1 | . . . 6 . . . 3 . Slashing Weapon 4 | . . . . 8 11 11 5 9 Naked Turns . | . . . . . . . . . Heaviest Build 46 | 10 22 24 33 33 30 30 46 46 Greatest Support 30 | 20 20 20 30 30 30 30 30 26 Greatest Overweight (x) 8 | . 1 1 1 1 . . 8 4 Average Overweight (x) 1 | . . 1 . . . . 1 3 Largest Inventory Capacity 16 | 6 12 10 12 12 12 12 16 16 Average Capacity 11 | 5 9 10 11 12 12 12 12 16 Most Carried 15 | 6 9 10 12 11 12 12 12 15 Average Carried 10 | 2 5 9 11 10 11 11 10 12 Final Capacity 16 | 6 10 10 12 12 12 12 16 16 Final Carried 13 | 4 9 10 11 11 12 12 11 13 Class Distribution -------------------- 97% | Mutant Dominant Class ---------------- Mutant | -10/Materials Mutant | -10/Mines Mutant | -9/Materials Mutant | -9/Mines Mutant | -9/Exiles Mutant | -8/Mines Mutant | -8/Materials Mutant | -8/Storage Resources | -11 -10 -10 -9 -9 -9 -8 -8 -8 ----------- Run | Scr Mat Min Mat Min Exi Min Mat Sto Matter Collected 1660 | 244 81 122 328 18 . 10 686 171 Remotely . | . . . . . . . . . Salvage Created 3208 | 141 81 94 352 58 . 244 1404 834 Parts 172 | 11 1 9 37 4 . 7 65 38 Haulers Intercepted 9 | . . . 2 . . . 5 2 Recyclers Shooed 6 | . . . . . . 1 3 2 Parts Field Recycled . | . . . . . . . . . Retrieved Matter . | . . . . . . . . . Parts Self-Destructed . | . . . . . . . . . Prevented . | . . . . . . . . . Kills | -11 -10 -10 -9 -9 -9 -8 -8 -8 ------- Run | Scr Mat Min Mat Min Exi Min Mat Sto Combat Hostiles Destroyed 53 | . 2 3 12 . . 1 29 6 Melee 12 | . . . . . . 1 5 6 Guns 7 | . 2 3 2 . . . . . Cannons 9 | . . . 2 . . . 7 . AOE 25 | . . . 8 . . . 17 . Classes Destroyed 12 | 2 1 2 4 . . 1 2 . Worker 19 | . . 1 3 2 . 2 9 2 Builder 1 | . . . . . . . 1 . Tunneler 6 | 4 . 1 . 1 . . . . Hauler 9 | . . . 2 . . . 5 2 Recycler 8 | 1 . . . . . 2 . 5 Operator 1 | . . . . . . . 1 . Watcher 4 | . . . 1 . . . 2 1 Swarmer 14 | . . 3 4 . . . 7 . Grunt 28 | . 2 . 6 . . . 16 4 Brawler 1 | . . . 1 . . . . . Sentry 8 | . . . 1 . . . 5 2 Hunter 2 | . . . . . . 1 1 . Best Kill Streak 8 | 5 2 3 6 1 . 4 8 7 Combat Bots Only 5 | . 2 3 4 . . 1 5 2 Max Kills in Single Turn 4 | 1 1 1 3 1 . 1 4 1 Gunslinging . | . . . . . . . . . Exploded 3 | . . . 2 . . . 3 . Melee 1 | . . . . . . 1 1 1 Uniques/NPCs Destroyed . | . . . . . . . . . Combat | -11 -10 -10 -9 -9 -9 -8 -8 -8 -------- Run | Scr Mat Min Mat Min Exi Min Mat Sto Damage Taken 3094 | . 214 89 222 37 . 95 2006 431 Core 783 | . 47 10 83 . . 74 468 101 Absorbed by Shields . | . . . . . . . . . Core Remaining (%) 79 | 100 . 77 . . . 60 . . Volleys Fired 129 | 14 10 16 32 . . . 57 . Largest 2 | 2 2 2 2 . . . 2 . Hottest 104 | 40 40 40 100 . . . 104 . Shots Fired 212 | 28 20 24 56 . . . 84 . Gun 90 | 28 20 24 18 . . . . . Cannon 75 | . . . 24 . . . 51 . Launcher 45 | . . . 12 . . . 33 . Special 2 | . . . 2 . . . . . Kinetic 140 | 28 20 24 24 . . . 44 . Thermal 27 | . . . 20 . . . 7 . Explosive 30 | . . . 12 . . . 18 . Electromagnetic 15 | . . . . . . . 15 . Robot Hit Streak 10 | 6 10 7 9 . . . 6 . Robot Miss Streak 4 | 2 2 3 3 . . . 4 . Penetration Max . | . . . . . . . . . Secondary Targets . | . . . . . . . . . Shots Hit Robots 176 | 16 16 13 21 3 . 11 72 24 Core Hits 132 | 7 6 6 26 3 . 4 63 17 Critical Hits 2 | . 1 . . . . . 1 . Critical Kills 1 | . . . . . . . 1 . Critical Parts Destroyed 1 | . 1 . . . . . . . Melee Attacks 77 | . . . . 3 1 12 31 30 Impact . | . . . . . . . . . Slashing 77 | . . . . 3 1 12 31 30 Piercing . | . . . . . . . . . Sneak Attacks 26 | . . . . 2 . 4 10 10 Combat Hostiles 1 | . . . . . . . 1 . Follow-up Attacks . | . . . . . . . . . Damage Inflicted 10954 | 152 145 179 1013 403 . 949 5800 2313 Guns 659 | 152 145 178 184 . . . . . Cannons 1029 | . . . 175 . . . 854 . Explosions 3143 | . . . 654 . . . 2489 . Melee 6112 | . . . . 393 . 949 2457 2313 Ramming 11 | . . 1 . 10 . . . . Kinetic 1367 | 152 145 178 175 . . . 717 . Thermal 561 | . . . 184 . . . 377 . Explosive 2014 | . . . 654 . . . 1360 . Electromagnetic 889 | . . . . . . . 889 . Impact . | . . . . . . . . . Slashing 6112 | . . . . 393 . 949 2457 2313 Piercing . | . . . . . . . . . Highest Corruption . | . . . . . . . . . Average Corruption . | . . . . . . . . . Corruption Purged . | . . . . . . . . . Overload Shots . | . . . . . . . . . Overflow Damage 913 | . . . 3 128 . 183 463 136 Projectiles . | . . . . . . . . . Explosions 109 | . . . 3 . . . 106 . Melee 804 | . . . . 128 . 183 357 136 Knockbacks 6 | . . . . . . . 6 . Impact . | . . . . . . . . . Kinetic 6 | . . . . . . . 6 . Secondary . | . . . . . . . . . Self-Inflicted Damage 210 | . . . . 5 . . 205 . Shots 7 | . . . . . . . 7 . Rammed 2 | . . 1 . 1 . . . . Targets Rammed 2 | . . 1 . 1 . . . . Kicked . | . . . . . . . . . Crushed . | . . . . . . . . . Highest Temperature 108 | . 24 6 96 . . . 108 . Average Temperature 29 | . 11 6 33 . . . 29 . Received Heat Transfer 1029 | . 120 36 45 . . . 630 198 Siege Activations . | . . . . . . . . . Robots Corrupted 1 | . . . . . . . 1 . Combat Hostiles . | . . . . . . . . . Parts Fried 3 | . . . . . . . 3 . Impact Corruptions . | . . . . . . . . . Robots Melted . | . . . . . . . . . Combat Hostiles . | . . . . . . . . . Parts Melted 1 | . . . 1 . . . . . Heat Transferred 916 | . . . 481 . . . 435 . Parts Sabotaged . | . . . . . . . . . Parts Stolen . | . . . . . . . . . Parts Stripped . | . . . . . . . . . Power Chain Reactions 2 | . . . . . . . 2 . Missiles Intercepted . | . . . . . . . . . Alert | -11 -10 -10 -9 -9 -9 -8 -8 -8 ------- Run | Scr Mat Min Mat Min Exi Min Mat Sto Peak Influence 1638 | 25 81 90 385 129 . 65 1638 879 Initial 648 | . 16 31 3 114 . . 25 648 Average 469 | 12 33 33 164 123 . 40 1020 737 Maximum Alert Level 5 | . . . 1 . . . 5 3 Low Security (%) 59 | 100 100 100 75 100 . 100 23 . Level 1 3 | . . . 24 . . . . . Level 2 3 | . . . . . . . 1 29 Level 3 13 | . . . . . . . 17 70 Level 4 17 | . . . . . . . 51 . Level 5 1 | . . . . . . . 5 . High Security . | . . . . . . . . . Max Security . | . . . . . . . . . Squads Dispatched 10 | . 1 . 2 . . . 6 1 Investigation 3 | . . . 2 . . . 1 . Extermination . | . . . . . . . . . Reinforcement 3 | . 1 . . . . . 1 1 Assault 3 | . . . . . . . 3 . Garrison 1 | . . . . . . . 1 . Intercept . | . . . . . . . . . Construction Impeded . | . . . . . . . . . Haulers Reinforced . | . . . . . . . . . Stealth | -11 -10 -10 -9 -9 -9 -8 -8 -8 --------- Run | Scr Mat Min Mat Min Exi Min Mat Sto Distress Signals 6 | . 1 . . . . . 5 . Communications Jammed . | . . . . . . . . . Distress Signals . | . . . . . . . . . Times Spotted 107 | . 6 10 16 . . 2 60 13 Peak Tracking Total 7 | . 5 5 4 . . 1 7 4 Tactical Retreats 12 | . . 3 1 . . . 8 . Traps | -11 -10 -10 -9 -9 -9 -8 -8 -8 ------- Run | Scr Mat Min Mat Min Exi Min Mat Sto Traps Triggered 8 | . . . 1 . . . 7 . Indirectly 2 | . . . . . . . 2 . Trap Hack Attempts . | . . . . . . . . . Triggered . | . . . . . . . . . Disarmed . | . . . . . . . . . Reprogrammed . | . . . . . . . . . Reused . | . . . . . . . . . Traps Extracted . | . . . . . . . . . Installed . | . . . . . . . . . Triggered . | . . . . . . . . . Exploded 1 | . . . . . . . 1 . Machines | -11 -10 -10 -9 -9 -9 -8 -8 -8 ---------- Run | Scr Mat Min Mat Min Exi Min Mat Sto Machines Disabled 13 | . . . 2 . . . 10 1 Max in Single Turn 3 | . . . 1 . . . 3 1 Garrison Access 1 | . . . . . . . 1 . Machines Sabotaged . | . . . . . . . . . Garrisons Compromised . | . . . . . . . . . Overloaded Fab Kills . | . . . . . . . . . Fab Network Shutdowns . | . . . . . . . . . Hacking | -11 -10 -10 -9 -9 -9 -8 -8 -8 --------- Run | Scr Mat Min Mat Min Exi Min Mat Sto Machines Accessed 18 | . 2 . 5 1 . . 8 2 Terminals 11 | . 2 . 3 . . . 6 . Fabricators . | . . . . . . . . . Repair Stations 4 | . . . 1 . . . 1 2 Recycling Units . | . . . . . . . . . Scanalyzers 2 | . . . 1 . . . 1 . Garrison Access . | . . . . . . . . . Total Hacks 55 | . 4 . 13 1 . . 33 4 Successful 30 | . 1 . 7 1 . . 18 3 Failed 25 | . 3 . 6 . . . 15 1 Catastrophic 6 | . . . 1 . . . 5 . Database Lockouts . | . . . . . . . . . Manual 35 | . 4 . 8 . . . 23 . Terminals 40 | . 4 . 8 . . . 28 . Fabricators . | . . . . . . . . . Repair Stations 9 | . . . 2 . . . 3 4 Recycling Units . | . . . . . . . . . Scanalyzers 5 | . . . 3 . . . 2 . Garrison Access . | . . . . . . . . . Terminal Hacks 8 | . . . . 1 . . 7 . Part Schematic 1 | . . . . . . . 1 . Prototype ID Bank 1 | . . . . . . . 1 . Open Door 1 | . . . . 1 . . . . Level Access Points 1 | . . . . . . . 1 . Terminal Index 1 | . . . . . . . 1 . Repair Station Index 1 | . . . . . . . 1 . Locate Traps 1 | . . . . . . . 1 . Registered Prototypes 1 | . . . . . . . 1 . Fabricator Hacks . | . . . . . . . . . Repair Station Hacks 8 | . . . 2 . . . 3 3 Scan Component 5 | . . . 1 . . . 2 2 Repair 3 | . . . 1 . . . 1 1 Recycling Unit Hacks . | . . . . . . . . . Scanalyzer 3 | . . . 1 . . . 2 . Insert Component 2 | . . . 1 . . . 1 . Analyze 1 | . . . . . . . 1 . Garrison Access Hacks . | . . . . . . . . . Unauthorized Hacks 11 | . 1 . 4 . . . 6 . Terminals 11 | . 1 . 4 . . . 6 . Track 4 | . 1 . 1 . . . 2 . Botnet 6 | . . . 3 . . . 3 . Operators 1 | . . . . . . . 1 . Fabricators . | . . . . . . . . . Repair Stations . | . . . . . . . . . Recycling Units . | . . . . . . . . . Scanalyzers . | . . . . . . . . . Garrison Access . | . . . . . . . . . Data Cores Recovered . | . . . . . . . . . Used . | . . . . . . . . . Hacking Detections 15 | . 2 . 4 . . . 8 1 Full Trace Events 2 | . . . 1 . . . 1 . Feedback Events . | . . . . . . . . . Feedback Blocked . | . . . . . . . . . Robot Schematics Acquired . | . . . . . . . . . Robots Built . | . . . . . . . . . Matter . | . . . . . . . . . Time . | . . . . . . . . . Total Robot Build Rating . | . . . . . . . . . Part Schematics Acquired 2 | . . . . . . . 2 . Parts Built . | . . . . . . . . . Matter . | . . . . . . . . . Time . | . . . . . . . . . Total Part Build Rating . | . . . . . . . . . Parts Repaired 2 | . . . . . . . 1 1 Time 144 | . . . 80 . . . 38 26 Parts Recycled . | . . . . . . . . . Recycled Matter . | . . . . . . . . . Retrieved Matter . | . . . . . . . . . Retrieved Components . | . . . . . . . . . Parts Scanalyzed 2 | . . . 1 . . . 1 . Part Schematics Acquired 1 | . . . . . . . 1 . Parts Damaged . | . . . . . . . . . Bothacking | -11 -10 -10 -9 -9 -9 -8 -8 -8 ------------ Run | Scr Mat Min Mat Min Exi Min Mat Sto Used RIF Installer . | . . . . . . . . . Robots Hacked . | . . . . . . . . . Non-combat . | . . . . . . . . . Combat . | . . . . . . . . . Robot Hacks Applied . | . . . . . . . . . Relay Couplers Released 3 | . . . . . . . 3 . Machine Destruction 3 | . . . . . . . 3 . Robots Rewired . | . . . . . . . . . Allies Hacked . | . . . . . . . . . Hacks Repelled . | . . . . . . . . . Allies | -11 -10 -10 -9 -9 -9 -8 -8 -8 -------- Run | Scr Mat Min Mat Min Exi Min Mat Sto Total Allies . | . . . . . . . . . Largest Group . | . . . . . . . . . Highest-Rated Group . | . . . . . . . . . Highest-Rated Ally . | . . . . . . . . . Total Orders . | . . . . . . . . . Ally Attacks . | . . . . . . . . . Total Damage . | . . . . . . . . . Kills . | . . . . . . . . . Allies Corrupted . | . . . . . . . . . Allies Melted . | . . . . . . . . . Intel | -11 -10 -10 -9 -9 -9 -8 -8 -8 ------- Run | Scr Mat Min Mat Min Exi Min Mat Sto Robot Analysis Total . | . . . . . . . . . Derelict Logs Recovered 4 | . . 1 . 3 . . . . Drone Launches . | . . . . . . . . . Drone Recoveries . | . . . . . . . . . Exploration | -11 -10 -10 -9 -9 -9 -8 -8 -8 ------------- Run | Scr Mat Min Mat Min Exi Min Mat Sto Turns Passed 3865 | 107 152 864 540 237 263 97 1230 375 Spaces Moved 2950 | 58 127 747 373 263 324 65 823 170 Core 13 | 11 . . . . . . 2 . Treads . | . . . . . . . . . Legs . | . . . . . . . . . Wheels 2937 | 47 127 747 373 263 324 65 821 170 Hover . | . . . . . . . . . Flight . | . . . . . . . . . Fastest Speed 50 | 50 80 90 80 80 80 80 80 100 Average Speed 90 | 74 88 90 85 82 80 80 97 114 Slowest Speed 450 | 80 90 90 90 90 80 80 450 120 Overloaded Moves . | . . . . . . . . . Propulsion Burnouts . | . . . . . . . . . Robots Hopped . | . . . . . . . . . Cave-ins Triggered . | . . . . . . . . . Exploration Rate (%) 46 | 4 24 99 40 60 75 19 66 35 Regions Visited 8 Branch Regions 5 Pre-discovered Areas 3 | . . . . 3 . . . . Known Exits Taken 4 | . . . 1 1 1 1 . . Unknown Exits Taken 4 | 1 1 1 . . . . 1 . Scrap Searched 2 | . . 1 . 1 . . . . Spaces Dug 29 | . . . 2 . . . 27 . Terrain Destroyed 277 | . . . 74 . . . 203 . Melee . | . . . . . . . . . Projectile 8 | . . . 3 . . . 5 . AOE 269 | . . . 71 . . . 198 . Terrain Rammed . | . . . . . . . . . Walls Destroyed . | . . . . . . . . . Machines Disabled . | . . . . . . . . . Actions | -11 -10 -10 -9 -9 -9 -8 -8 -8 --------- Run | Scr Mat Min Mat Min Exi Min Mat Sto Total 3787 | 97 148 916 531 280 325 85 1112 293 Wait 439 | 4 4 143 99 6 . 6 103 74 Move 2942 | 57 126 746 372 262 323 64 822 170 Hop . | . . . . . . . . . Pick Up 85 | 13 6 4 11 3 1 1 37 9 Fast Attach . | . . . . . . . . . Attach 51 | 6 1 . 4 1 . . 33 6 Detach 7 | . . . . . . . 6 1 Swap 19 | . . 3 8 . . 1 6 1 Drop 36 | 3 1 3 5 4 . 1 17 2 Fire 129 | 14 10 16 32 . . . 57 . Melee 77 | . . . . 3 1 12 31 30 Ram 2 | . . 1 . 1 . . . . Kick . | . . . . . . . . . Crush . | . . . . . . . . . Escape Stasis . | . . . . . . . . . Rewire . | . . . . . . . . . Trap . | . . . . . . . . . Miscellaneous . | . . . . . . . . . Route ------- -11/Scrapyard -10/Materials (discovered 2 exits: [*Min x2]) -10/Mines (discovered 2 exits: *Mat x2) -9/Materials (discovered 2 exits: *Mat / *Min) -9/Mines -9/Exiles (discovered 2 exits: *Min x2) -8/Mines -8/Materials (discovered 5 exits: *Fac x3 / *Sto x2) -8/Storage History --------- Turn | Location | Event 8 | -11/Scrapyard | Discovered new exit (range 16) 108 | -11/Scrapyard | Entered Materials 246 | -10/Materials | Discovered new exit (range 15) 257 | -10/Materials | Discovered new exit (range 15) 260 | -10/Materials | Entered Mines 313 | -10/Mines | Build established: Mutant 327 | -10/Mines | YI-UF0 nonchalantly dropped a Grenade Launcher on the ground 412 | -10/Mines | Found a damaged Exp. Sensor Array with a note attached 416 | -10/Mines | Found Prototype Device 451 | -10/Mines | Assembled infested the area 456 | -10/Mines | Assisted by a Guerilla fighting off Assembled 959 | -10/Mines | Discovered new exit (range 3) 1035 | -10/Mines | Discovered new exit (range 11) 1124 | -10/Mines | Entered Materials 1124 | -9/Materials | Evolved 2 slots: Propulsion x1, Utility x1 1125 | -9/Materials | Identified exit to Mines 1370 | -9/Materials | Discovered new exit (range 3) 1407 | -9/Materials | Identified Exp. Sensor Array 1664 | -9/Materials | Entered Mines 1712 | -9/Mines | Met a Derelict who couldn't figure out how to use a Trap Extractor 1782 | -9/Mines | Learned location of Zion (-7) 1876 | -9/Mines | Learned location of Storage (-8) 1897 | -9/Mines | Deemed a non-threat by the Exiles lab entrance 1898 | -9/Mines | Discovered new exit (range 5) 1901 | -9/Mines | Identified exit to Exiles 1901 | -9/Mines | Entered Exiles 1901 | -9/Exiles | Found Exiles lab abandoned 1902 | -9/Exiles | Identified exit to Mines 2152 | -9/Exiles | Discovered exit to Mines (range 14) 2164 | -9/Exiles | Entered Mines 2246 | -8/Mines | Discovered new exit (range 9) 2260 | -8/Mines | Identified exit to Materials 2261 | -8/Mines | Entered Materials 2261 | -8/Materials | Evolved 2 slots: Utility x2 2314 | -8/Materials | Repaired Lgt. Nuclear Core 2552 | -8/Materials | Garrison activated, responded to threat 2559 | -8/Materials | Discovered new exit (range 10) 2933 | -8/Materials | Lost 3 parts (2n1u) 3088 | -8/Materials | Core integrity fell below 50% 3102 | -8/Materials | Discovered new exit (range 4) 3106 | -8/Materials | Identified exit to Factory 3118 | -8/Materials | Lost 4 parts (1n1u2w) 3154 | -8/Materials | Discovered new exit (range 7) 3461 | -8/Materials | First assault squad dispatched 3487 | -8/Materials | Core integrity fell below 20% 3491 | -8/Materials | Entered Storage 3523 | -8/Storage | Repaired Wheel 3866 | -8/Storage | Destroyed by G-50 Soldier with Heavy Laser Last Messages --------------- 03827_ Wheel destroyed. 03828_ K-01 Serf collects debris. 03831_ Acquired Lgt. Treads. 03832_ Sneak attack on A-02 Transporter. 03832_ A-02 Transporter Lgt. Treads severed. 03832_ A-02 Transporter destroyed. 03833_ K-01 Serf collects debris. 03834_ R-06 Scavenger collects Weight Redist. System. 03837_ K-01 Serf collects debris. 03858_ C-30 ARC bursts open, deploying its payload. 03858_ G-50 Soldier unfolds itself. 03858_ G-47 Trooper unfolds itself. 03858_ K-01 Serf collects debris. 03859_ Y-45 Defender destroyed. 03861_ ALERT: Hostiles spotted, dispatching reinforcements to Terminal S012. 03862_ K-01 Serf collects debris. 03864_ R-06 Scavenger collects Particle Gun. 03865_ G-47 Trooper destroyed. 03865_ K-01 Serf collects debris. Map ----- +----------------------------------------------------+ | ??????????????????????????????????????????????? | | ??????????????????????????????????##+?????##### | | ??????????????????????????????????? ???? | | ???????????????????????????????#??? ???? | | ???????????????????????????????# ?? ???? | | ????????????????# ?????????????#+###+########## | | ????????????????# ????????????# #????? | | ????????????????# ????????????# #????? | | ????????????? ??# ???????????# #????? | | ????????????? ## ???????????# #????? | | ????????????? ??????????# #????? | | ?????????????? ########### ! #????# | | ??????????????? ## *%!#????# | | ????????????????? + !=#??### | | ???????????????????# #########+#### # | | ???????????????????# * *#! | | ???????????????????# %%=!%=*%+!! | | ???????????????????# *! % #%= | | ??????????????????####+#+#########+##### # | | ??????????????????# [ # ## + | | ??????????????????# !# ## # "" | | ??????????????????# !# """ ## # "" | | ??????????????????# # """ ## # "" | | ??????????????????# # """ ## # "" | | ??????????????????# [= ! # ## #### | | ????????????###???#[!%@ ##############??? | | ?????????####"T"#####/########### ???????????? | | ?????????# [=%gg! ?????????? | | ?????????# %rk==* ?????????? | | ?????????# %k=%== ?????????? | | ?????????# #####+#########+#### ??????????? | | ?????????+??????? ???????????????????????????? | | ???????????????? ????????????????????????????? | | ??????????????? ?????????????????????????????? | | ?????????????? ""?????????????????????????????? | | ?????????????# "??????????????????????????????? | | ?????????????#????????????????????????????????? | | ??????????????????????????????????????????????? | | ??????????????????????????????????????????????? | | ??????????????????????????????????????????????? | | ??????????????????????????????????????????????? | | ??????????????????????????????????????????????? | | ??????????????????????????????????????????????? | | ??????????????????????????????????????????????? | | ??????????????????????????????????????????????? | | ??????????????????????????????????????????????? | | ??????????????????????????????????????????????? | | ??????????????????????????????????????????????? | | ??????????????????????????????????????????????? | | ??????????????????????????????????????????????? | +----------------------------------------------------+ Best States ------------- Heat Dissipation 31 Energy Generation 14 Energy Capacity 480 Matter Stores 300 Matter Capacity 300 Sight Range 16 Terrain Scan Density 10 Armor Coverage 150 Evasion (%) 44 Melee Accuracy 5 Core Analysis 6 Armor Integrity Analysis 33 Recoil Reduction 1 Offensive Hacking 10 Item Schematics ----------------- Hacking Suite | -8/Materials | Scanalyzed Lrg. Storage Unit | -8/Materials | Hacked Robot Schematics ------------------ None Fabricated ------------ Nothing Alien Tech Used ----------------- None Achievements -------------- None Challenges ------------ None Game ------ Seed ReinforcedBehemothKit Manual? 0 Play Time 00:38:44 Cumulative 312.1 hours Start 2022.03.04 @ 22:16:22 End 2022.03.04 @ 22:55:59 Sessions 1 Manual Loads 0 Difficulty Rogue Special Mode None Game No. 348 Rogue 348 Adventurer 0 Explorer 0 Win Type - Total 6 Types 3/1/1/1/0/0/0/0/0 Lore% 68 Gallery% 85 Achievement% 66 Wizard Run 0 Options --------- ASCII 0 Keyboard 0 Movement Numpad Keybinds 0 Fullscreen 1 Font 16/Terminus Map View 75x55 Tactical HUD 1 Map Filters NONE Filters NONE Steam 1 RUN: 99bece4f-1f90-4edd-9d41-c954b3129499